 Dungeon Crawl Stone Soup version 0.22-a0-305-gd21a89c (webtiles) character file.

395 Borgoz the Skirmisher (level 6, 0/56 HPs)
             Began as a Hill Orc Abyssal Knight on Mar 31, 2018.
             Was a Priest of Lugonu.
             Succumbed to a scorpion's poison
             ... on level 4 of the Dungeon.
             The game lasted 00:06:58 (2205 turns).

Borgoz the Skirmisher (Hill Orc Abyssal Knight)     Turns: 2205, Time: 00:06:59

Health: 0/56       AC:  5    Str: 15    XL:     6   Next: 82%
Magic:  5/9        EV: 12    Int: 12    God:    Lugonu [***...]
Gold:   94         SH:  0    Dex: 12    Spells: 5/5 levels left

rFire    . . .     SeeInvis .   a - +2 hand axe
rCold    . . .     Gourm    .   (no shield)
rNeg     . . .     Faith    .   b - +0 leather armour
rPois    .         Spirit   +   (no helmet)
rElec    .         Reflect  .   h - scarf {cloud immunity}
rCorr    .         Harm     .   (no gloves)
MR       .....                  (no boots)
Stlth    +.........             o - amulet of guardian spirit
HPRegen  0.18/turn              r - +2 ring of protection
MPRegen  0.11/turn              (no ring)

@: lethally poisoned (0 -> -21)
A: no striking features
a: Depart the Abyss, Bend Space, Banish, Renounce Religion


You were on level 4 of the Dungeon.
You worshipped Lugonu.
Lugonu was most pleased with you.
You were not hungry.

You visited 1 branch of the dungeon, and saw 4 of its levels.
You visited the Abyss 1 time.

You collected 94 gold pieces.

Inventory:

Hand Weapons
 a - a +2 hand axe (weapon)
Armour
 b - a +0 leather armour (worn)
 e - a +0 plate armour
 h - a scarf of cloud immunity (worn)
Jewellery
 l - an uncursed amulet of regeneration
 o - an amulet of guardian spirit (around neck)
 r - a +2 ring of protection (left hand)
Scrolls
 d - 3 scrolls of remove curse
 f - 2 scrolls of teleportation
 j - a scroll of blinking
 k - a scroll of fog
 q - 3 scrolls of enchant weapon
Potions
 i - a potion of degeneration
Comestibles
 c - 7 rations
 m - 10 chunks of flesh


   Skills:
 + Level 5.2 Fighting
 + Level 4.7 Axes
 + Level 3.9 Armour
 + Level 2.4 Dodging
 + Level 4.4 Invocations


You had 5 spell levels left.
You didn't know any spells.

Dungeon Overview and Level Annotations

Branches:
Dungeon (4/15)
 Temple: D:4-7

Altars:


Message History

You barely miss the scorpion.
The scorpion is almost dead.
* * * LOW HITPOINT WARNING * * *
You feel very sick. The scorpion barely misses you.
You hit the scorpion but do no damage.
The scorpion is almost dead.
* * * LOW HITPOINT WARNING * * *
You feel sick. The scorpion completely misses you.
You hit the scorpion.
You kill the scorpion!
Lugonu accepts your kill.
You feel your strength returning.
* * * LOW HITPOINT WARNING * * *
You feel very sick.
Okay, then.
* * * LOW HITPOINT WARNING * * *
You feel sick.
You see here a scorpion corpse.
You die...

######'#### ######'####
#..####. #.........#
#...... #.........#
#.....#+###
#.........####...#......
#.........'..#.#........
..........##.#.#.......
..........##.#.....###
...#########...†@....#
... #.........# .$
#.........# ##........#
#########.. .. .


There were no monsters in sight!

Vanquished Creatures
  A sky beast (D:3)
  A scorpion (D:4)
  A bullfrog skeleton (D:4)
  A hound (D:4)
  An orc wizard (D:3)
  An iguana (D:4)
  5 adders
  2 worms
  3 dart slugs
  3 leopard geckos
  7 orcs (D:3)
  9 bats
  3 giant cockroaches
  6 goblins
  9 hobgoblins
  4 jackals (D:4)
  10 kobolds
  2 frilled lizards
  11 rats
80 creatures vanquished.

Notes
Turn   | Place    | Note
-------+----------+-------------------------------------------
     0 | Abyss:1  | Borgoz the Hill Orc Abyssal Knight began the quest for the Orb.
     0 | Abyss:1  | Reached XP level 1. HP: 19/19 MP: 2/2
    34 | Abyss:2  | Noticed a white draconian
    37 | Abyss:2  | Noticed a large abomination
    37 | D:1      | Escaped the Abyss
   102 | D:1      | Reached skill level 1 in Dodging
   102 | D:1      | Reached XP level 2. HP: 24/27 MP: 3/3
   182 | D:1      | Reached * piety under Lugonu
   606 | D:1      | Reached XP level 3. HP: 33/33 MP: 5/5
   637 | D:1      | Reached skill level 4 in Fighting
   908 | D:2      | Reached XP level 4. HP: 40/40 MP: 6/6
   964 | D:2      | Reached ** piety under Lugonu
  1561 | D:3      | Noticed a sky beast
  1585 | D:3      | HP: 3/61 [sky beast (6)]
  1592 | D:3      | Killed a sky beast
  1592 | D:3      | Reached XP level 5. HP: 8/47 MP: 7/7
  1961 | D:3      | Reached XP level 6. HP: 30/55 MP: 9/9
  2111 | D:4      | Reached skill level 5 in Fighting
  2165 | D:4      | Reached *** piety under Lugonu
  2204 | D:4      | HP: 1/56 [poisoned by a scorpion]
  2205 | D:4      | Succumbed to a scorpion's poison

Vault maps used:
D:1:      roderic_octagonal_star
D:3:      minmay_diamond_boxcup
D:4:      lemuel_temple_firewalk_b, portal_sewer_entry_b, first_ration
Abyss:1:  minivault_20

Skill      XL: |  1  2  3  4  5  6 |
---------------+-------------------+-----
Dodging        | 1 2 |  2.4
Axes           | 3 4 |  4.7
Fighting       | 4 5 |  5.2
Invocations    | 3 4 |  4.4
Armour         | 3 |  3.9

Action                   |  1- 3 |  4- 6 || total
-------------------------+-------+-------++-------
Melee: Hand axe          |   119 |   201 ||   320
Invok: Depart the Abyss  |     1 |       ||     1
  Use: Potion            |       |     5 ||     5
       Scroll            |       |     7 ||     7
 Stab: Sleeping          |       |     1 ||     1
  Eat: Chunk             |       |     5 ||     5
Armor: Leather armour    |    56 |    64 ||   120
       Skin              |       |    17 ||    17
Dodge: Dodged            |    92 |    96 ||   188

Table legend:
 A = Spawn XP
 B = Non-spawn XP
 C = Spawn XP percentage of total XP
 D = Spawn monster count
 E = Non-spawn monster count
 F = Spawn count percentage of total count
 G = Total turns spent on level
                    A         B        C        D         E        F      G
               +---------+---------+-------+---------+---------+-------+---------
         Total |       0 |     565 |   0.0 |       0 |      80 |   0.0 |  2205
               +---------+---------+-------+---------+---------+-------+---------
           D:1 |       0 |      41 |   0.0 |       0 |      23 |   0.0 |   608
           D:2 |       0 |      77 |   0.0 |       0 |      24 |   0.0 |   696
           D:3 |       0 |     242 |   0.0 |       0 |      23 |   0.0 |   685
           D:4 |       0 |     205 |   0.0 |       0 |      10 |   0.0 |   179
               +---------+---------+-------+---------+---------+-------+---------
